 Dungeon Crawl Stone Soup version 0.29-a0-830-gcb1280458a (webtiles) character file.

Game seed: 17450664175414230364

134701 zishaf the Spry (level 16, -15/85 HPs)
             Began as a Spriggan Hunter on July 11, 2022.
             Was the Champion of Hepliaklqana.
             Demolished by a titanic slime creature (98 damage)
             ... on level 14 of the Dungeon.
             The game lasted 01:09:19 (28605 turns).

zishaf the Spry (Spriggan Hunter)                  Turns: 28605, Time: 01:09:19

Health: -15/85     AC: 13    Str:  7    XL:     16   Next: 62%
Magic:  23/23      EV: 41    Int: 10    God:    Hepliaklqana [******]
Gold:   1770       SH:  5    Dex: 31    Spells: 15/15 levels left

rFire   . . .      SeeInvis +   a - +0 arbalest
rCold   + . .      Faith    .   (shield currently unavailable)
rNeg    . . .      Spirit   .   J - +1 steam dragon scales
rPois   .          Reflect  +   (helmet restricted)
rElec   .          Harm     .   V - +2 cloak "Lesukev" {Contam rCorr Dex+4}
rCorr   +          Rampage  .   (gloves unavailable)
Will    ++...                   (boots unavailable)
Stlth   ++++......              h - amulet of reflection
HPRegen 0.24/turn               N - ring of protection from cold
MPRegen 0.18/turn               C - +4 ring of protection

@: studying Dodging, very quick
A: reduced essence, very small, no large weapons, unfitting armour, see
invisible, speed 3
a: Renounce Religion, Recall Ancestor, Ancestor Identity, Transference, Idealise


You were on level 14 of the Dungeon.
You worshipped Hepliaklqana.
Hepliaklqana was exalted by your worship.
You visited 3 branches of the dungeon, and saw 21 of its levels.
You also visited: Ice Cave and Volcano.

You collected 1770 gold pieces.

Inventory:

Hand Weapons
 a - a +0 arbalest (weapon)
 b - the +8 quick blade "Komiss" {protect, Fly Int+2 Dex-3}
   (You acquired it on level 13 of the Dungeon)

   It grants its wielder temporary protection when it strikes (+7 to AC).
   Int:       It affects your intelligence (+2).
   Dex:       It affects your dexterity (-3).
   Fly:       It grants you flight.
Missiles
 S - 2 throwing nets
Armour
 c - +0 acid dragon scales
 J - +1 steam dragon scales (worn)
 V - the +2 cloak "Lesukev" (worn) {Contam rCorr Dex+4}
   (You found it on level 12 of the Dungeon)

   Dex:       It affects your dexterity (+4).
   Contam:    It causes magical contamination when unequipped.
   rCorr:     It protects you from acid and corrosion.
Jewellery
 d - a ring of fire
 h - an amulet of reflection (around neck)
 k - the amulet of Elemental Vulnerability {rPois rF-- rC-- AC+8}
   (You found it on level 2 of the Dungeon)

   [amulet of nothing]

   AC:        It affects your AC (+8).
   rF:        It makes you very vulnerable to fire.
   rC:        It makes you very vulnerable to cold.
   rPois:     It protects you from poison.
 t - a ring of poison resistance
 u - the ring of Ruor {Wiz +Blink}
   (You found it on level 5 of the Dungeon)

   [ring of wizardry]

   It improves your spell success rate.
   +Blink:    It lets you blink.
 C - a +4 ring of protection (right hand)
 G - the ring "Fiurack" {Fire rElec Int+4 Dex-3}
   (You found it in an ice cave)

   [ring of fire]

   It enhances your fire magic.
   Int:       It affects your intelligence (+4).
   Dex:       It affects your dexterity (-3).
   rF:        It protects you from fire.
   rC:        It makes you vulnerable to cold.
   rElec:     It insulates you from electricity.
 N - a ring of protection from cold (left hand)
Wands
 m - a wand of light (11)
 o - a wand of roots (2)
 s - a wand of flame (32)
 w - a wand of digging (16)
 M - a wand of mindburst (14)
Scrolls
 g - 4 scrolls of immolation
 v - 4 scrolls of blinking
 y - 7 scrolls of fog
 D - 11 scrolls of teleportation
 F - 3 scrolls of poison
 H - a scroll of enchant weapon
 I - 2 scrolls of enchant armour
 P - a scroll of amnesia
 R - a scroll of summoning
 T - 3 scrolls of fear
Potions
 e - 11 potions of heal wounds
 f - a potion of flight
 i - a potion of mutation {unknown}
 j - a potion of lignification
 l - 5 potions of invisibility
 n - 3 potions of resistance
 p - 4 potions of attraction
 q - 8 potions of curing
 x - 4 potions of brilliance
 z - 2 potions of might
 A - 2 potions of ambrosia {unknown}
 B - a potion of berserk rage {unknown}
 E - 3 potions of magic
 K - 2 potions of cancellation {unknown}
 L - 3 potions of haste
Miscellaneous
 r - a condenser vane


   Skills:
 + Level 15.2 Fighting
 - Level 6.0(6.5) Short Blades
 + Level 3.0(4.1) Long Blades
 + Level 15.5 Ranged Weapons
 + Level 16.6 Dodging
 - Level 6.0 Stealth
 - Level 8.0 Invocations
 - Level 15.0 Evocations


You had 15 spell levels left.
You didn't know any spells.
Your spell library contained the following spells:

 Spells                   Type           Power      Damage    Failure   Level
 Apportation              Tloc           0%         N/A       36%         1
 Foxfire                  Conj/Fire      0%         2x1d4     36%         1
 Sandblast                Erth           0%         2d4       36%         1
 Ensorcelled Hibernation  Hex/Ice        0%         N/A       50%         2
 Passwall                 Tmut/Erth      0%         N/A       50%         2
 Poisonous Vapours        Pois/Air       0%         N/A       50%         2
 Sublimation of Blood     Necr           0%         N/A       50%         2
 Wereblood                Tmut           0%         N/A       50%         2
 Inner Flame              Hex/Fire       0%         N/A       75%         3
 Portal Projectile        Hex/Tloc       0%         N/A       75%         3
 Spider Form              Tmut/Pois      0%         N/A       75%         3
 Stone Arrow              Conj/Erth      0%         3d7       75%         3
 Summon Guardian Golem    Hex/Summ       0%         N/A       75%         3
 Tukima's Dance           Hex            0%         N/A       75%         3
 Anguish                  Hex/Necr       0%         N/A       98%         4
 Animate Armour           Summ/Erth      0%         N/A       98%         4
 Corpse Rot               Necr/Pois/Air  0%         N/A       98%         4
 Flame Wave               Conj/Fire      0%         2d4       98%         4
 Passage of Golubria      Tloc           0%         N/A       98%         4
 Petrify                  Tmut/Erth      0%         N/A       98%         4
 Summon Ice Beast         Ice/Summ       0%         N/A       98%         4
 Blade Hands              Tmut           0%         N/A       100%        5
 Fireball                 Conj/Fire      0%         3d3       100%        5
 Freezing Cloud           Conj/Ice/Air   0%         6-21      100%        5
 Iskenderun's Battlesphe  Conj           0%         2d6       100%        5
 Metabolic Englaciation   Hex/Ice        0%         N/A       100%        5
 Silence                  Hex/Air        0%         N/A       100%        5
 Conjure Ball Lightning   Conj/Air       0%         3x3d6     100%        6
 Simulacrum               Ice/Necr       0%         N/A       100%        6
 Statue Form              Tmut/Erth      0%         N/A       100%        6
 Orb of Destruction       Conj           0%         9d5       100%        7
 Summon Hydra             Summ           0%         N/A       100%        7
 Disjunction              Tloc           0%         N/A       100%        8
 Ignition                 Fire           0%         3d3       100%        8
 Lehudib's Crystal Spear  Conj/Erth      0%         10d2      100%        8
 Polar Vortex             Ice            0%         N/A       100%        9


Dungeon Overview and Level Annotations

Branches:
Dungeon (14/15)            Temple (1/1) D:7            Lair (6/6) D:9
  Swamp (0/4) Lair:3        Snake (0/4) Lair:3        Slime (0/5) Lair:6
    Orc (0/2) D:11          IceCv (visited)         Volcano (visited)
 Vaults: D:13-14

Altars:
Ashenzari
Cheibriados
Dithmenos
Elyvilon
Fedhas
Gozag
Hepliaklqana
Makhleb
Nemelex Xobeh
Qazlal
Ru
Sif Muna
Trog
Uskayaw
Vehumet
Wu Jian
Xom
Yredelemnul
Zin
The Shining One
Jiyva


Innate Abilities, Weirdness & Mutations

Your life essence is reduced to manifest your ancestor. (-10% HP)
You are very small and have problems with some larger weapons.
You are too small for most types of armour.
You have supernaturally acute eyesight. (SInv)
You cover ground extremely quickly. (Speed+++)


Message History

You shoot a bolt.
The bolt hits the titanic slime creature!!
The titanic slime creature is moderately wounded.
You shoot a bolt.
The bolt hits the titanic slime creature!
The titanic slime creature is moderately wounded.
A titanic slime creature splits.
You see here a +0 short sword.
Two slime creatures merge to form an enormous slime creature.
You shoot a bolt.
The bolt hits the enormous slime creature!
The enormous slime creature is moderately wounded.
Two slime creatures merge to form a titanic slime creature.
You shoot a bolt.
The bolt barely misses the titanic slime creature.
You shoot a bolt.
The bolt hits the titanic slime creature!!!
The titanic slime creature is heavily wounded.
You shoot a bolt.
The bolt hits the titanic slime creature!!
The titanic slime creature is heavily wounded.
You shoot a bolt.
The bolt hits the titanic slime creature!!
The titanic slime creature is severely wounded.
There is a stone staircase leading up here.
You shoot a bolt.
The bolt hits the titanic slime creature!
The titanic slime creature is severely wounded.
You shoot a bolt.
The bolt hits the titanic slime creature!
The titanic slime creature is severely wounded.
You shoot a bolt.
The bolt hits the titanic slime creature!!
The titanic slime creature is severely wounded.
You shoot a bolt.
The bolt hits the titanic slime creature!!
The titanic slime creature is almost dead.
The titanic slime creature hits you!!!!
Ouch! That really hurt!
You die...

##.<......#.#
#...J).....#
#...J....###
########.#####.##
.........# #)#
##############.##
.........#
.######..#####
#..@J..# #..###.#
#..###.# #..<...#
##.##### #.# #.#
#.. ###


You could see a titanic slime creature.

Vanquished Creatures
  A frost giant (IceCv)
  Nessos (Lair:5)
  Snorg (Lair:5)
  Josephine (D:13)
  The ghost of zhov the Thaumaturge, a journeyman DjFE of Ashenzari (D:12)
  2 boulder beetles
  A centaur warrior (D:13)
  3 hydras
  2 two-headed ogres
  A catoblepas (Lair:3)
  11 death yaks
  7 skeletal warriors
  A lindwurm (Lair:1)
  An anaconda skeleton (Volcano)
  Pikel (D:4)
  A deep elf pyromancer (D:14)
  4 oklob plants (Lair:6)
  9 ugly things
  6 cyclopes
  A manticore (D:10)
  Maurice (D:13)
  18 elephants
  4 black mambas
  An ice statue (IceCv)
  An unseen horror (D:12)
  Maggie (D:8)
  8 cane toads
  6 rime drakes
  9 gargoyles
  A kobold demonologist (D:13)
  A tengu conjurer (D:12)
  10 komodo dragons
  A freezing wraith (D:12)
  2 ice devils (D:13)
  11 polar bears
  6 trolls
  Grinder (D:4)
  Prince Ribbit (D:4)
  A tyrant leech (Lair:3)
  3 hornets (Lair:6)
  A dream sheep (Lair:6)
  4 slime creatures
  9 blink frogs
  2 flying skulls (Volcano)
  A centaur simulacrum (D:12)
  A vampire (D:12)
  Sigmund (D:2)
  10 spriggans (Lair:6)
  3 wyverns
  A shadow (D:12)
  An alligator skeleton (Volcano)
  9 wraiths
  52 yaks
  6 basilisks
  5 vampire mosquitoes (D:14)
  3 steam dragons
  Menkaure (D:4)
  A swamp worm (Lair:3)
  3 acid dragons
  11 water moccasins
  8 black bears
  3 ice beasts
  4 boggarts
  4 ogres
  44 wolves
  7 centaurs
  A kobold brigand (D:9)
  A gnoll sergeant (D:10)
  18 bullfrogs
  2 necrophages
  3 scorpions
  16 wights
  2 spriggan skeletons (Volcano)
  A troll skeleton (Volcano)
  2 electric eels (D:9)
  2 hexers
  5 howler monkeys
  3 gnoll boudas
  3 hounds
  5 jellies
  4 orc priests
  Crazy Yiuf (D:6)
  Ijyb (D:3)
  Natasha (twice) (D:2)
  An iguana (D:6)
  8 orc wizards
  4 hell rats (Lair:6)
  A polar bear simulacrum (Lair:3)
  3 wolf simulacra (Lair:3)
  Robin (D:2)
  30 gnolls
  3 adders
  A shadow imp (D:5)
  3 white imps
  An ufetubus (D:4)
  A worm (D:5)
  2 dart slugs
  29 orcs
  5 bats
  2 endoplasms (D:3)
  3 giant cockroaches
  13 goblins
  10 hobgoblins
  5 quokkas
  4 ball pythons
  2 frilled lizards (D:1)
  19 kobolds
  2 rats
  4 river rat simulacra (Lair:3)
567 creatures vanquished.

Vanquished Creatures (collateral kills)
  A catoblepas (Lair:4)
  A hydra (Lair:6)
  2 boulder beetles
  An alligator (shapeshifter) (D:12)
  A two-headed ogre (D:11)
  3 death yaks
  2 skeletal warriors (D:11)
  A deep elf pyromancer (D:12)
  A necromancer (Lair:3)
  A manticore (D:12)
  2 cyclopes
  4 ugly things
  5 elephants
  A black mamba (Lair:1)
  An eye of devastation (shapeshifter) (D:12)
  2 cane toads
  2 rime drakes
  A tengu conjurer (D:12)
  7 komodo dragons
  5 polar bears
  2 trolls (D:12)
  4 slime creatures (D:12)
  2 blink frogs
  A flying skull (Volcano)
  2 wraiths (D:12)
  2 spriggans (Lair:6)
  2 wyverns (Lair:3)
  31 yaks
  Grum (D:9)
  A vampire mosquito (D:14)
  A swamp worm (Lair:3)
  4 water moccasins
  A black bear (Lair:2)
  2 boggarts (Lair:6)
  A centaur (D:12)
  10 wolves
  A kobold brigand (D:11)
  3 bullfrogs
  A gnoll sergeant (D:12)
  An electric eel (D:9)
  A howler monkey (D:12)
  An orc priest (D:12)
  3 hounds (D:9)
  A polar bear simulacrum (Lair:3)
  A wolf simulacrum (Lair:3)
  2 gnolls (D:9)
  A kobold (D:11)
  A river rat simulacrum (Lair:3)
128 creatures vanquished.

Vanquished Creatures (others)
  4 ancestors
  45 hexers
  36 fungi
  44 plants
129 creatures vanquished.

Grand Total: 824 creatures vanquished

Notes
Turn   | Place    | Note
-------+----------+-------------------------------------------
     0 | D:1      | zishaf the Spriggan Hunter began the quest for the Orb.
     0 | D:1      | Reached XP level 1. HP: 10/10 MP: 2/2
   122 | D:1      | Reached XP level 2. HP: 13/15 MP: 3/3
   781 | D:2      | Found the amulet of Elemental Vulnerability {rPois rF--
                  | rC-- AC+8}
   803 | D:2      | Found a faded altar of an unknown god.
   827 | D:2      | Reached XP level 3. HP: 18/18 MP: 4/4
   862 | D:2      | Noticed Robin
   889 | D:2      | Killed Robin
   968 | D:2      | Noticed Natasha
   983 | D:2      | Killed Natasha
   984 | D:2      | Reached skill level 1 in Evocations
   984 | D:2      | Reached XP level 4. HP: 23/23 MP: 5/5
  1096 | D:2      | Reached skill level 5 in Ranged Weapons
  1124 | D:2      | Noticed Sigmund
  1161 | D:2      | Killed Sigmund
  1162 | D:2      | Reached XP level 5. HP: 21/28 MP: 6/6
  1162 | D:2      | Reached XP level 6. HP: 24/32 MP: 7/7
  1205 | D:2      | Noticed Natasha
  1211 | D:2      | Killed Natasha
  1606 | D:3      | Found a blossoming altar of Fedhas.
  1924 | D:3      | Noticed Ijyb
  1941 | D:3      | Killed Ijyb
  2353 | D:4      | Reached XP level 7. HP: 37/37 MP: 8/8
  2385 | D:4      | Noticed Menkaure
  2445 | D:4      | Reached skill level 5 in Evocations
  2603 | D:4      | Killed Menkaure
  2991 | D:4      | Noticed Grinder
  3016 | D:4      | Killed Grinder
  3017 | D:4      | Reached skill level 5 in Fighting
  3017 | D:4      | Reached XP level 8. HP: 43/43 MP: 9/9
  3671 | D:5      | Entered Level 5 of the Dungeon
  3671 | D:5      | Noticed Prince Ribbit
  3768 | D:4      | Killed Prince Ribbit
  3943 | D:5      | Identified the ring of Ruor {Wiz +Blink}
  4079 | D:5      | Noticed Pikel
  4155 | D:4      | Killed Pikel
  4156 | D:4      | Reached XP level 9. HP: 21/49 MP: 10/10
  4541 | D:5      | Found a glowing silver altar of Zin.
  5884 | D:6      | Found a runed translucent door.
  5885 | D:6      | Noticed Crazy Yiuf
  5915 | D:6      | Killed Crazy Yiuf
  6777 | D:6      | Reached skill level 3 in Dodging
  7415 | D:6      | Reached XP level 10. HP: 30/55 MP: 11/11
  7750 | D:7      | Found a shadowy altar of Dithmenos.
  7750 | D:7      | Found a stormy altar of Qazlal.
  7931 | D:7      | Found a staircase to the Ecumenical Temple.
  7940 | Temple   | Entered the Ecumenical Temple
  8034 | Temple   | Became a worshipper of Hepliaklqana the Forgotten
  8629 | D:8      | Reached skill level 4 in Dodging
  8834 | D:8      | Noticed Maggie
  8865 | D:8      | Killed Maggie
  9159 | D:8      | Found a glowing golden altar of the Shining One.
  9271 | D:8      | Reached skill level 10 in Ranged Weapons
  9399 | D:8      | Reached skill level 10 in Evocations
  9696 | D:8      | Reached skill level 5 in Dodging
  9746 | D:9      | Noticed Grum
  9907 | D:9      | Reached * piety under Hepliaklqana
  9973 | D:9      | Reached skill level 6 in Dodging
 10541 | D:9      | Killed Grum
 10788 | D:9      | Reached skill level 7 in Dodging
 10946 | D:9      | Reached XP level 11. HP: 53/54 MP: 12/12
 11128 | D:9      | Found a staircase to the Lair.
 11601 | D:10     | Entered Level 10 of the Dungeon
 11670 | D:10     | Found a shimmering altar of Xom.
 11738 | D:10     | Reached skill level 8 in Dodging
 12137 | D:10     | Reached ** piety under Hepliaklqana
 12138 | D:10     | Remembered your ancestor Eadwine as a hexer
 12185 | D:10     | Identified the +0 scale mail "Goubicki" {Drain Fly rC-
                  | Stlth+}
 12344 | D:10     | Noticed a boulder beetle
 12377 | D:10     | Killed a boulder beetle
 12378 | D:10     | Reached skill level 9 in Dodging
 12948 | D:10     | Found an ornate altar of the Wu Jian Council.
 13065 | D:11     | Found a white marble altar of Elyvilon.
 13153 | D:11     | Noticed a two-headed ogre
 13158 | D:11     | Noticed a boulder beetle
 13173 | D:11     | Killed a two-headed ogre
 13174 | D:11     | Reached skill level 1 in Short Blades
 13378 | D:11     | Killed a boulder beetle
 13628 | D:11     | Found a staircase to the Orcish Mines.
 13696 | D:11     | Noticed a skeletal warrior
 13764 | D:11     | Killed a skeletal warrior
 13794 | D:11     | Noticed a skeletal warrior
 13794 | D:11     | Noticed a skeletal warrior
 13871 | D:11     | Killed a skeletal warrior
 13929 | D:11     | Killed a skeletal warrior
 13992 | D:11     | Reached skill level 10 in Dodging
 14256 | D:11     | Reached skill level 5 in Stealth
 14256 | D:11     | Reached XP level 12. HP: 60/60 MP: 13/13
 14978 | D:12     | Reached skill level 10 in Fighting
 15097 | D:12     | Reached *** piety under Hepliaklqana
 15839 | D:12     | Reached skill level 11 in Dodging
 15871 | D:12     | Reached skill level 5 in Short Blades
 16322 | D:12     | Noticed a two-headed ogre
 16451 | Lair:1   | Entered Level 1 of the Lair of Beasts
 16497 | Lair:1   | Found a dark tunnel.
 16525 | Volcano  | Entered a volcano
 17396 | Lair:1   | Reached skill level 12 in Dodging
 17408 | Lair:1   | HP: 3/62 [poisoned by a black mamba]
 17410 | Lair:1   | HP: 1/62 [poisoned by a black mamba]
 17746 | Lair:1   | Reached XP level 13. HP: 57/64 MP: 14/14
 17899 | Lair:1   | Got Kidi's Papyrus of Quantum Calling
 18336 | Lair:1   | Reached **** piety under Hepliaklqana
 18667 | Lair:2   | Reached skill level 1 in Invocations
 18758 | Lair:2   | Identified the +0 robe of Midwinter {rN+ Str-4 Slay+2}
 19340 | Lair:2   | Reached skill level 13 in Dodging
 19354 | Lair:2   | Identified the +0 cloak "Cuachyus" {rN+ Dex+4}
 19513 | Lair:3   | Identified a scroll of acquirement
 19513 | Lair:3   | Acquired a manual of Fighting
 19744 | Lair:3   | Found a staircase to the Swamp.
 19826 | Lair:3   | Found a staircase to the Snake Pit.
 20908 | Lair:3   | Found a staircase to the Snake Pit.
 21185 | Lair:3   | Reached XP level 14. HP: 71/71 MP: 18/18
 21562 | Lair:4   | Reached ***** piety under Hepliaklqana
 21822 | Lair:4   | Reached skill level 14 in Dodging
 22009 | Lair:4   | Reached XP level 15. HP: 77/77 MP: 18/20
 22508 | Lair:5   | Noticed Snorg
 22516 | Lair:5   | Killed Snorg
 22652 | Lair:5   | Noticed Nessos
 22656 | Lair:5   | Killed Nessos
 23382 | Lair:6   | Entered Level 6 of the Lair of Beasts
 24312 | Lair:6   | Reached skill level 15 in Dodging
 25076 | Lair:6   | Found a viscous altar of Jiyva.
 25091 | Lair:6   | Found a staircase to the Slime Pits.
 25437 | Lair:6   | Reached XP level 16. HP: 47/83 MP: 23/23
 25950 | D:12     | Noticed a storm dragon
 26047 | D:12     | Found a large runed translucent door.
 26048 | D:12     | Found a large runed translucent door.
 26049 | D:12     | Noticed zhov's ghost (journeyman DjFE)
 26094 | D:12     | Identified the +2 cloak "Lesukev" {Contam rCorr Dex+4}
 26122 | D:12     | Reached skill level 15 in Ranged Weapons
 26681 | D:12     | Killed zhov's ghost
 26694 | D:12     | Got the Handbook of Molten Apparitions
 26760 | D:13     | Acquired the +8 quick blade "Komiss" {protect, Fly Int+2
                  | Dex-3}
 26792 | D:13     | Noticed Maurice
 26796 | D:13     | Killed Maurice
 26833 | D:13     | Reached ****** piety under Hepliaklqana
 27034 | D:13     | Noticed Josephine
 27050 | D:13     | Killed Josephine
 27054 | D:13     | Reached skill level 1 in Long Blades
 27090 | D:13     | Found a frozen archway.
 27124 | IceCv    | Entered an ice cave
 27461 | IceCv    | Reached skill level 15 in Fighting
 27611 | IceCv    | Reached skill level 16 in Dodging
 27651 | IceCv    | Identified the ring "Fiurack" {Fire rElec Int+4 Dex-3}
 27905 | D:13     | Acquired a manual of Dodging
 28374 | D:14     | Reached skill level 15 in Evocations
 28605 | D:14     | Demolished by a titanic slime creature

Illustrated notes

Levels and vault maps discovered:
D:1:      grunt_arrival_lava_bath, layout_basic, serial_glass, glass_columns_c,
          glass_columns_c, st_stairs_14, minmay_fountain_box, chequers_big_river
D:2:      layout_loops_ring, chequers_ecumenical_altar_simple_redux,
          uniq_sigmund, uniq_natasha, uniq_robin
D:3:      layout_rooms, mainiacjoe_overflow_cross_hatched, uniq_ijyb
D:4:      layout_loops_ring, uniq_grinder, uniq_menkaure
D:5:      minmay_polygon_palace, layout_basic,
          mainiacjoe_overflow_concentric_impassable, kennysheep_doodads,
          grunt_decor_cap, uniq_prince_ribbit1, uniq_pikel
D:6:      layout_rooms, uniq_crazy_yiuf_cottage
D:7:      layout_cave_pools, gammafunk_temple_overflow_wave,
          lemuel_temple_firewalk_b
D:8:      layout_basic, lemuel_round_altar, uniq_maggie
D:9:      layout_cave_pools, erik_lair_island, nicolae_elevator_lobby_plus,
          uniq_grum
D:10:     layout_roguey, nzn_wu_jian_contemplation, mainiacjoe_overflow_alcove_4
D:11:     cheibrodos_statue_roulette, layout_long_grid, orc_0_dummy,
          elyvilon_altar_3
D:12:     nzn_winding_woodlands_large [nzn_winding_woodlands_5x5_cross,
          nzn_winding_woodlands_5x15_pathside_ponds,
          nzn_winding_woodlands_5x5_three,
          nzn_winding_woodlands_center_triple_pond,
          nzn_winding_woodlands_15x15_killbox,
          nzn_winding_woodlands_center_diamonds,
          nzn_winding_woodlands_5x5_perimeter, nzn_winding_woodlands_5x15_eye,
          nzn_winding_woodlands_hourglass], layout_irregular_city,
          ebering_ghost_disaster_area
D:13:     layout_irregular_city, portal_ice_cave_demonic_guard, uniq_josephine,
          uniq_maurice
D:14:     layout_basic, david_vaults_4, kennysheep_slug_shrine
Temple:   regret_index_temple_waves
Lair:1:   layout_regular_city, nicolae_volcano_entry_vermiform,
          beast_lair_carwin_5
Lair:2:   layout_roguey, lemuel_fruit_tree, lemuel_fruit_fields
Lair:3:   layout_regular_city, minmay_swamp_entry_worms, dummy_snake_entry,
          eino_house_with_fridge
Lair:4:   layout_loops_ring, serial_bayou_shore_b, grunt_megastairs_1,
          serial_bayou_shore_a, infiniplex_staircase_pool_2
Lair:5:   layout_layer_cave, chequers_serial_rivers_small_a, grunt_megastairs_5,
          uniq_snorg, uniq_nessos
Lair:6:   minmay_lair_end_enchanted_forest, layout_cave_pods,
          minmay_slime_entry_oklob_enclosed

Skill      XL: |  1  2  3  4  5  6  7  8  9 10 11 12 13 14 15 16 |
---------------+-------------------------------------------------+-----
Fighting       | 2 3 4 5 6 7 8 9 10 11 13 14 15 | 15.2
Evocations     | 1 3 4 6 7 9 10 12 14 15 | 15.0
Ranged Weapons | 5 6 7 8 9 10 12 13 14 15 | 15.5
Dodging        | 3 7 10 12 13 14 15 16 | 16.6
Short Blades   | 3 6 |  6.0
Stealth        | 5 6 |  6.0
Invocations    | 4 6 8 |  8.0
Long Blades    | 3 |  3.0

Action                   |  1- 3 |  4- 6 |  7- 9 | 10-12 | 13-15 | 16-18 || total
-------------------------+-------+-------+-------+-------+-------+-------++-------
Melee: Dagger            |       |       |    19 |    43 |     7 |       ||    69
       Punch             |       |       |       |     1 |       |       ||     1
       Quick blade       |       |       |       |       |       |     1 ||     1
 Fire: Shortbow          |    98 |   118 |   427 |   967 |   750 |       ||  2360
       Arbalest          |       |       |       |       |   393 |   383 ||   776
Invok: Recall Ancestor   |       |       |       |     6 |     7 |     2 ||    15
       Ancestor Life: He |       |       |       |     1 |       |       ||     1
Evoke: Wand              |       |     1 |     6 |     8 |       |     2 ||    17
  Use: Scroll            |       |     7 |     3 |     8 |    10 |     2 ||    30
       Potion            |       |       |       |       |     1 |       ||     1
 Stab: Invisible         |       |       |       |     4 |       |       ||     4
       Sleeping          |       |       |       |     4 |       |       ||     4
       Confused          |       |       |       |     3 |     1 |       ||     4
       Petrifying        |       |       |       |       |     1 |       ||     1
       Petrified         |       |       |       |       |     1 |       ||     1
       Paralysed         |       |       |       |       |       |     1 ||     1
Armor: Robe              |     9 |    22 |    22 |       |       |       ||    53
       Steam dragon scal |       |       |     1 |    22 |    25 |     3 ||    51
Dodge: Dodged            |    27 |    45 |   111 |   203 |   381 |   116 ||   883
Block: Other             |       |       |    22 |    42 |    73 |    11 ||   148
       Reflection        |       |       |     1 |     9 |       |     2 ||    12

Table legend: (Time is in decaauts)
 A = Elapsed time spent in this place.
 B = Non-inter-level travel time spent in this place.
 C = Inter-level travel time spent in this place.
 D = Time resting spent in this place.
 E = Time spent auto-exploring this place.
 F = Levels seen in this place.
 G = Mean time per level.
                   A        B        C        D        E       F      G
               +--------+--------+--------+--------+--------+-----+--------+
         Total |  24947 |  24039 |    908 |   4105 |  13545 |  23 | 1084.7 |
       Dungeon |  15533 |  14978 |    555 |   2759 |   8169 |  14 | 1109.5 |
        Temple |     62 |     44 |     18 |      0 |     28 |   1 |   62.0 |
          Lair |   8042 |   7708 |    334 |   1029 |   4867 |   6 | 1340.3 |
      Ice Cave |    605 |    605 |      0 |    115 |    214 |   1 |  605.0 |
       Volcano |    704 |    704 |      0 |    202 |    265 |   1 |  704.0 |
               +--------+--------+--------+--------+--------+-----+--------+

Top non-repeatable levels by time:
  Lair:6: 2110 daAuts
    D:11: 1972 daAuts
     D:9: 1707 daAuts
    D:12: 1653 daAuts
     D:6: 1619 daAuts
     D:4: 1594 daAuts
  Lair:3: 1528 daAuts
    D:10: 1372 daAuts
  Lair:1: 1307 daAuts
  Lair:5: 1261 daAuts
     D:8: 1138 daAuts
  Lair:4: 1030 daAuts
     D:5: 1001 daAuts
    D:13: 887 daAuts
  Lair:2: 803 daAuts
